 Seeded DCSS version 0.29-a0-506-ga2e7fffb44 (webtiles) character file.

Game seed: 5522378065955382621 (custom seed)

148605 zeratav the Peltast (level 16, 0/201 HPs)
             Began as a Minotaur Fighter on May 28, 2022.
             Was the Champion of Hepliaklqana.
             Slain by an eight-headed hydra (3 damage)
             ... on level 4 of the Swamp on May 29, 2022.
             The game lasted 01:24:31 (33666 turns).

zeratav the Peltast (Minotaur Fighter)             Turns: 33666, Time: 01:24:32

Health: 0/201      AC: 22    Str: 33    XL:     16   Next: 94%
Magic:  22/22      EV: 15    Int:  8    God:    Hepliaklqana [******]
Gold:   2007       SH: 22    Dex: 15    Spells: 15/15 levels left

rFire   + + .      SeeInvis +   D - +2 demon whip (flame) {mace}
rCold   + + +      Faith    +   w - +3 tower shield
rNeg    . . .      Spirit   .   A - +3 chain mail {rF+}
rPois   +          Reflect  .   (helmet restricted)
rElec   +          Harm     .   j - +1 cloak of Muttered Phrases {Drain rC+++ Slay+6}
rCorr   .          Rampage  .   F - +2 pair of gloves {hurl}
Will    +....                   (no boots)
Stlth   ..........              Q - amulet of Gadareb {Faith Int+3 Dex+3}
HPRegen 0.43/turn               Y - ring "Ediusem" {Contam rElec rPois Str+6 SInv}
MPRegen 0.18/turn               e - ring of protection from fire

@: berserking, very quick
A: reduced essence, horns 2, retaliatory headbutt
a: Renounce Religion, Recall Ancestor, Ancestor Identity, Transference, Idealise


You were on level 4 of the Swamp.
You worshipped Hepliaklqana.
Hepliaklqana was exalted by your worship.
You visited 5 branches of the dungeon, and saw 27 of its levels.

You collected 3000 gold pieces.
You spent 993 gold pieces at shops.


Innate Abilities, Weirdness & Mutations

Your life essence is reduced to manifest your ancestor. (-10% HP)
You have a pair of horns on your head.
You reflexively headbutt those who attack you in melee.


   Skills:
 - Level 15.0 Fighting
 - Level 14.0(14.8) Axes
 - Level 8.0(12.0) Maces & Flails
 - Level 15.0 Armour
 - Level 15.0 Dodging
 - Level 15.0 Shields
 - Level 10.0 Invocations
 + Level 9.1 Evocations


You had 15 spell levels left.
You didn't know any spells.
Your spell library contained the following spells:

 Spells                   Type           Power      Damage    Failure   Level
 Freeze                   Ice            0%         1d3       99%         1
 Sandblast                Erth           0%         2d4       99%         1
 Blink                    Tloc           0%         N/A       100%        2
 Ensorcelled Hibernation  Hex/Ice        0%         N/A       100%        2
 Passwall                 Tmut/Erth      0%         N/A       100%        2
 Poisonous Vapours        Pois/Air       0%         N/A       100%        2
 Scorch                   Fire           0%         2d5       100%        2
 Sublimation of Blood     Necr           0%         N/A       100%        2
 Wereblood                Tmut           0%         N/A       100%        2
 Call Canine Familiar     Summ           0%         N/A       100%        3
 Frozen Ramparts          Ice            0%         1d2       100%        3
 Inner Flame              Hex/Fire       0%         N/A       100%        3
 Lesser Beckoning         Tloc           0%         N/A       100%        3
 Portal Projectile        Hex/Tloc       0%         N/A       100%        3
 Spider Form              Tmut/Pois      0%         N/A       100%        3
 Summon Guardian Golem    Hex/Summ       0%         N/A       100%        3
 Tukima's Dance           Hex            0%         N/A       100%        3
 Anguish                  Hex/Necr       0%         N/A       100%        4
 Animate Dead             Necr           0%         N/A       100%        4
 Cause Fear               Hex            0%         N/A       100%        4
 Corpse Rot               Necr/Pois/Air  0%         N/A       100%        4
 Flame Wave               Conj/Fire      0%         2d4       100%        4
 Hailstorm                Conj/Ice       0%         3d3       100%        4
 Leda's Liquefaction      Hex/Erth       0%         N/A       100%        4
 Passage of Golubria      Tloc           0%         N/A       100%        4
 Petrify                  Tmut/Erth      0%         N/A       100%        4
 Summon Ice Beast         Ice/Summ       0%         N/A       100%        4
 Alistair's Intoxication  Tmut/Pois      0%         N/A       100%        5
 Blade Hands              Tmut           0%         N/A       100%        5
 Borgnjor's Vile Clutch   Necr/Erth      0%         N/A       100%        5
 Fireball                 Conj/Fire      0%         3d3       100%        5
 Irradiate                Conj/Tmut      0%         3d13      100%        5
 Iskenderun's Battlesphe  Conj           0%         2d6       100%        5
 Manifold Assault         Tloc           0%         N/A       100%        5
 Yara's Violent Unravell  Hex/Tmut       0%         3d3       100%        5
 Conjure Ball Lightning   Conj/Air       0%         3x3d6     100%        6
 Death Channel            Necr           0%         N/A       100%        6
 Eringya's Noxious Bog    Tmut/Pois      0%         N/A       100%        6
 Iron Shot                Conj/Erth      0%         9d1       100%        6
 Statue Form              Tmut/Erth      0%         N/A       100%        6
 Summon Cactus Giant      Summ           0%         N/A       100%        6
 Dragon Form              Tmut           0%         N/A       100%        7
 Orb of Destruction       Conj           0%         9d5       100%        7
 Summon Hydra             Summ           0%         N/A       100%        7
 Discord                  Hex            0%         N/A       100%        8
 Ignition                 Fire           0%         3d3       100%        8

Inventory:

Hand Weapons
 z - the +9 hand axe "Haaniun" {antimagic, rN++, axe}
   (You found it on level 3 of the Dungeon)

   It reduces the magical energy of the wielder, and disrupts the spells and
   magical abilities of those it strikes.
   Natural abilities and divine invocations are not affected.
   rN:        It greatly protects you from negative energy.
 D - a +2 demon whip of flaming (weapon) {mace}
   (You took it off Mara on level 3 of the Swamp)
 H - a +2 demon whip of freezing {mace}
   (You took it off Amaemon on level 8 of the Dungeon)
Missiles
 C - 7 javelins (quivered) {throwing}
Armour
 j - the +1 cloak of Muttered Phrases (worn) {Drain rC+++ Slay+6}
   (You found it on level 5 of the Dungeon)

   Slay:      It affects your accuracy & damage with ranged weapons and melee
   (+6).
   rC:        It renders you almost immune to cold.
   Drain:     It drains your maximum health when unequipped.
 w - a +3 tower shield (worn)
   (You found it on level 2 of the Dungeon)
 A - a +3 chain mail of fire resistance (worn)
   (You took it off an orc warlord on level 2 of the Orcish Mines)
 F - a +2 pair of gloves of hurling (worn)
   (You found it on level 5 of the Dungeon)
 J - +0 fire dragon scales
   (You found it on level 14 of the Dungeon)
Jewellery
 e - a ring of protection from fire (right hand)
   (You found it on level 1 of the Dungeon)
 o - an amulet of regeneration {@e2}
   (You took it off Mara on level 3 of the Swamp)
 r - a +6 ring of strength
   (You found it on level 2 of the Dungeon)
 s - a ring of resist corrosion
   (You found it on level 2 of the Dungeon)
 t - a ring of willpower
   (You found it on level 3 of the Dungeon)
 u - a +4 ring of protection
   (You found it on level 2 of the Dungeon)
 Q - the amulet of Gadareb (around neck) {Faith Int+3 Dex+3}
   (You acquired it on level 2 of the Lair of Beasts)

   [amulet of faith]

   It allows you to gain divine favour quickly.
   Int:       It affects your intelligence (+3).
   Dex:       It affects your dexterity (+3).
 R - a ring of positive energy
   (You found it on level 1 of the Swamp)
 X - a +6 ring of intelligence
   (You found it on level 5 of the Lair of Beasts)
 Y - the ring "Ediusem" (left hand) {Contam rElec rPois Str+6 SInv}
   (You bought it in a shop on level 4 of the Dungeon)

   [ring of strength]

   Str:       It affects your strength (+6).
   rElec:     It insulates you from electricity.
   rPois:     It protects you from poison.
   SInv:      It lets you see invisible.
   Contam:    It causes magical contamination when unequipped.
Wands
 a - a wand of charming (17)
   (You found it on level 3 of the Swamp)
 g - a wand of acid (5)
   (You found it on level 15 of the Dungeon)
 h - a wand of iceblast (14)
   (You found it on level 10 of the Dungeon)
 q - a wand of mindburst (33)
   (You found it on level 2 of the Dungeon)
 L - a wand of digging (12)
   (You found it on level 1 of the Lair of Beasts)
 P - a wand of polymorph (9)
   (You found it on level 4 of the Lair of Beasts)
 S - a wand of paralysis (10)
   (You found it on level 7 of the Dungeon)
Scrolls
 c - 5 scrolls of poison {!r}
 i - 5 scrolls of enchant armour
 k - 3 scrolls of magic mapping {!r}
 v - 4 scrolls of fog
 x - 8 scrolls of teleportation {@r4}
 y - a scroll of fear
 T - 3 scrolls of vulnerability {!r!r}
 U - 3 scrolls of silence {!r}
 Z - 4 scrolls of enchant weapon
Potions
 d - 3 potions of might
 f - 4 potions of berserk rage {!q}
 l - 4 potions of mutation {!q}
 m - a potion of invisibility {unknown}
 n - 6 potions of haste {@q3}
 p - 17 potions of curing {@q1}
 B - 2 potions of cancellation
 E - 3 potions of lignification {!q}
 G - 3 potions of attraction {!q}
 I - 3 potions of magic
 K - a potion of brilliance
 M - a potion of experience {unknown}
 N - a potion of ambrosia {unknown}
 O - 4 potions of flight
 V - 2 potions of resistance {unknown}

Dungeon Overview and Level Annotations

Branches:
Dungeon (15/15)            Temple (1/1) D:7            Lair (5/6) D:9
  Swamp (4/4) Lair:3        Snake (0/4) Lair:2        Slime (0/5) Lair:5
    Orc (2/2) D:11            Elf (0/3) Orc:2        Vaults (0/5) D:13
 Depths (0/4) D:15

Altars:
Ashenzari
Cheibriados
Dithmenos
Elyvilon
Fedhas
Gozag
Hepliaklqana
Kikubaaqudgha
Makhleb
Nemelex Xobeh
Okawaru
Qazlal
Ru
Sif Muna
Trog
Uskayaw
Vehumet
Wu Jian
Xom
Yredelemnul
Zin
The Shining One
Jiyva

Shops:
D:4 !=   D:9 *   Orc:1 ?   Orc:2 :[*(

Annotations:
D:7 4 runed translucent doors
Lair:4 Gibbon's ghost, journeyman DEFE

♣♣≈♣♣.♣♣♣♣..♣..≈..
♣..≈≈§.♣...≈≈.≈...
♣♣≈..♣..≈...≈≈≈≈≈≈≈
♣≈..≈...≈≈.≈.≈♣...≈
♣.D.D..D..≈.≈.≈≈..
♣♣♣♣♣
♣.kD≈.≈≈≈D........
♣♣♣<..♣
♣♣○♣♣♣♣♣..♣♣D.....
♣♣≈.≈≈≈♣♣
♣DD○..♣♣♣♣♣♣♣♣♣†≈.
≈≈..≈≈≈≈♣♣♣ ♣@Df♣♣#
.≈. ♣♣♣.≈§≈♣≈≈♣
♣○○♣♣ ≈≈≈ ♣
♣.≈†≈≈≈♣♣ ♣♣♣.♣♣
.≈.
♣≈≈≈†.♣♣♣♣♣♣≈.≈♣
..≈
♣♣≈≈≈.†......§≈♣
..≈
♣♣♣♣.≈≈.≈≈≈≈≈≈≈≈≈♣
≈.≈.≈≈≈≈≈≈≈≈≈≈≈≈≈♣
≈.≈.≈≈≈≈≈§≈≈≈≈≈≈≈≈♣
≈.♣♣.≈≈≈≈≈≈≈.(≈≈≈♣♣


You could see a thorn hunter, 2 eight-headed hydras, 2 four-headed hydras, 2
swamp dragons and a swamp drake (catching breath).


Message History

The six-headed hydra bites you!
* * * LOW HITPOINT WARNING * * *
The six-headed hydra barely misses you.
HP[-11]
You take 11 damage, and now have 39/134 hp.
You feel much better.
You block the six-headed hydra's attack. x2
The six-headed hydra closely misses you.
You block the six-headed hydra's attack. x2
The six-headed hydra bites you but does no damage.
HP[+20]
You regained 20 hp, and now have 59/134 hp.
The six-headed hydra attacks as you move away!
You block the six-headed hydra's attack.
The six-headed hydra bites you.
* * * LOW HITPOINT WARNING * * *
The six-headed hydra bites you but does no damage.
You block the six-headed hydra's attack.
The six-headed hydra bites you but does no damage.
You block the six-headed hydra's attack.
A swamp drake comes into view.
HP[-2]
You take 2 damage, and now have 57/134 hp.
You whack the six-headed hydra! You burn the six-headed hydra!
A four-headed hydra comes into view.
A thorn hunter comes into view.
You block the six-headed hydra's attack.
The six-headed hydra closely misses you.
You block the six-headed hydra's attack.
The six-headed hydra bites you.
* * * LOW HITPOINT WARNING * * *
You block the six-headed hydra's attack.
The six-headed hydra closely misses you.
HP[-1]
You take 1 damage, and now have 56/134 hp.
You punish the six-headed hydra, causing immense pain!!!
You burn the six-headed hydra.
You kill the six-headed hydra!
You whack the four-headed hydra! You burn the four-headed hydra.
You block the four-headed hydra's attack. x2
The four-headed hydra bites you but does no damage.
You block the four-headed hydra's attack.
You whack the eight-headed hydra! You burn the eight-headed hydra.
The sentinel's mark upon you fades away.
You block the four-headed hydra's attack. x2
The four-headed hydra bites you but does no damage.
The four-headed hydra barely misses you.
You whack the eight-headed hydra! You burn the eight-headed hydra.
A swamp dragon comes into view.
The swamp dragon roars deafeningly!
You hit the eight-headed hydra. You burn the eight-headed hydra.
You headbutt the eight-headed hydra.
You hear a roar!
You block the four-headed hydra's attack. x3
The four-headed hydra bites you.
* * * LOW HITPOINT WARNING * * *
The eight-headed hydra bites you.
* * * LOW HITPOINT WARNING * * *
The eight-headed hydra barely misses you.
The eight-headed hydra closely misses you.
The eight-headed hydra bites you.
* * * LOW HITPOINT WARNING * * *
The eight-headed hydra bites you!
* * * LOW HITPOINT WARNING * * *
You block the eight-headed hydra's attack.
The eight-headed hydra bites you but does no damage.
The eight-headed hydra completely misses you.
The eight-headed hydra bites you.
* * * LOW HITPOINT WARNING * * *
The eight-headed hydra bites you.
* * * LOW HITPOINT WARNING * * *
The eight-headed hydra bites you but does no damage. x2
The eight-headed hydra bites you!
* * * LOW HITPOINT WARNING * * *
The eight-headed hydra bites you.
* * * LOW HITPOINT WARNING * * *
The eight-headed hydra bites you.
* * * LOW HITPOINT WARNING * * *
The eight-headed hydra closely misses you.
HP[-41]
You take 41 damage, and now have 15/134 hp.
MASSIVE DAMAGE!! (PAUSE)
A red film seems to cover your vision as you go berserk!
You feel yourself moving faster!
You feel mighty!
A swamp dragon comes into view.
The swamp drake breathes poison at you.
The noxious blast engulfs the eight-headed hydra but does no damage.
The eight-headed hydra bites you but does no damage.
You block the eight-headed hydra's attack. x2
The eight-headed hydra bites you.
* * * LOW HITPOINT WARNING * * *
The eight-headed hydra completely misses you.
The eight-headed hydra bites you but does no damage.
You block the eight-headed hydra's attack. x2
You block the four-headed hydra's attack. x2
The four-headed hydra bites you!
* * * LOW HITPOINT WARNING * * *
The four-headed hydra bites you!
* * * LOW HITPOINT WARNING * * *
The eight-headed hydra bites you.
You die...

Skill      XL: |  1  2  3  4  5  6  7  8  9 10 11 12 13 14 15 16 |
---------------+-------------------------------------------------+-----
Axes           | 3 4 5 8 9 10 11 14 | 14.0
Shields        | 6 10 14 15 | 15.0
Fighting       | 5 10 15 | 15.0
Armour         | 8 10 14 15 | 15.0
Invocations    | 8 10 | 10.0
Dodging        | 5 13 15 | 15.0
Maces & Flails | 4 8 |  8.0
Evocations     | 9 |  9.1

Action                   |  1- 3 |  4- 6 |  7- 9 | 10-12 | 13-15 | 16-18 || total
-------------------------+-------+-------+-------+-------+-------+-------++-------
Melee: War axe           |    80 |       |       |       |       |       ||    80
       Headbutt          |    12 |     4 |    34 |    84 |   254 |    76 ||   464
       Hand axe          |     1 |    49 |   181 |   384 |   765 |    13 ||  1393
       Demon whip        |       |       |       |     6 |   100 |   284 ||   390
Invok: Ancestor Life: Kn |       |       |       |     1 |       |       ||     1
       Recall Ancestor   |       |       |       |     1 |     2 |     3 ||     6
       Idealise          |       |       |       |       |     6 |     1 ||     7
       Transference      |       |       |       |       |     1 |     1 ||     2
Evoke: Wand              |       |       |       |     1 |       |       ||     1
  Use: Scroll            |       |       |       |    12 |    21 |     7 ||    40
       Potion            |       |       |       |       |     6 |     8 ||    14
 Stab: Distracted        |       |       |       |     2 |    10 |     4 ||    16
       Fleeing           |       |       |       |       |     1 |       ||     1
Armor: Scale mail        |    58 |    21 |    25 |       |       |       ||   104
       Ring mail         |       |       |    20 |   113 |    76 |       ||   209
       Chain mail        |       |       |       |       |   116 |    83 ||   199
Dodge: Dodged            |    45 |    22 |    36 |    69 |   180 |    81 ||   433
Block: Buckler           |    23 |     7 |       |       |       |       ||    30
       Tower shield      |       |       |   128 |   300 |   777 |   248 ||  1453

Levels and vault maps discovered:
D:1:      psy_arrival_fountain, layout_loops_corners, grunt_decor_junction,
          minmay_tetromino_i2
D:2:      layout_basic, shapermc_ecumenical_altar_ellora
D:3:      minmay_chambers_of_threes, layout_basic,
          mainiacjoe_overflow_six_doors_small, uniq_terence, uniq_grinder,
          uniq_natasha
D:4:      layout_rooms, serial_shops, nicolae_inconvenience_store, shop,
          hangedman_decor_push, uniq_menkaure, uniq_edmund, uniq_duvessa
D:5:      layout_cave_pods
D:6:      layout_loops_ring, nicolae_gozag_cash_rules_everything_around_me
D:7:      lemuel_bear_cage, layout_basic, temple_pool_b,
          amcnicky_mini_rare_corridor_liquid
D:8:      layout_cave_pods, mainiacjoe_overflow_chevrons,
          kennysheep_cluttered_room, uniq_amaemon
D:9:      layout_stronghold, mainiacjoe_overflow_24_doors, lair_entry_dummy,
          serial_shops, shop
D:10:     minmay_statue_hallways, layout_layer_cave, kennysheep_generic_room_14,
          uniq_grum
D:11:     layout_cave_pools, hiddenorc1_lemuel, minmay_quadrilaterals,
          uniq_urug, uniq_fannar
D:12:     layout_stronghold, drop_trap, uniq_erolcha, uniq_psyche
D:13:     dreamdust_cave_troll, layout_basic, grunt_vaults_entry_tiered,
          uniq_josephine, uniq_snorg
D:14:     minmay_chopped_fan, layout_loops_ring, serial_bayou_pond_e
D:15:     grunt_enter_depths_snipers, layout_irregular_city
Temple:   dpeg_five_rooms_temple
Lair:1:   layout_gridlike, beast_lair_carwin_1
Lair:2:   minmay_lair_oklob_chamber, layout_regular_city, dummy_snake_entry,
          st_stairs_12, grunt_megastairs_5, lemuel_fruit_tree
Lair:3:   layout_cave_pods, nicolae_swamp_entry_splash_gauntlet,
          nicolae_lair_grove_arrangements, beast_lair_carwin_10,
          serial_bayou_shore_b
Lair:4:   layout_roguey, gammafunk_ghost_icy, beast_lair_carwin_7
Lair:5:   layout_layer_cave, dpeg_slime_entry_enclosed_altar, st_stairs_13,
          chequers_serial_rivers_micro_a, nicolae_lair_run_with_the_wolves
Swamp:1:  layout_falls_marsh, evilmike_swamp_ruin_house_2, swamp_pool1,
          infiniplex_staircase_pool
Swamp:2:  layout_basic_swamp, evilmike_swamp_ruin_house_6
Swamp:3:  layout_basic_swamp, nicolae_swamp_round_clearing, swamp_pool5,
          uniq_nikola, uniq_roxanne, uniq_mara
Swamp:4:  swamp_basic_johnstein, layout_basic_swamp
Orc:1:    layout_caves, serial_shops, nicolae_square_shop
Orc:2:    grunt_orc_gardens, layout_diamond_mine, grunt_orc_garden,
          grunt_orc_garden, grunt_orc_garden, grunt_orc_garden, serial_shops,
          bzr_firewalk

Notes
Turn   | Place    | Note
-------+----------+-------------------------------------------
     0 | D:1      | zeratav the Minotaur Fighter began the quest for the Orb.
     0 | D:1      | Reached XP level 1. HP: 19/19 MP: 0/0
     0 | D:1      | magus.rc [v1.9.6]
    67 | D:1      | Reached skill level 3 in Axes
    99 | D:1      | Reached XP level 2. HP: 23/26 MP: 1/1
   196 | D:1      | You fall into a shaft and drop 1 floor!
   486 | D:1      | Reached skill level 4 in Axes
   744 | D:1      | Reached XP level 3. HP: 27/31 MP: 2/2
   974 | D:2      | Identified the +5 mace "Mouf" {vorpal, *Rage rF++ Int+3}
  1193 | D:2      | Found a faded altar of an unknown god.
  1263 | D:2      | Reached skill level 5 in Axes
  1688 | D:3      | Identified the +9 hand axe "Haaniun" {antimagic, rN++}
  1693 | D:3      | Reached XP level 4. HP: 39/39 MP: 1/3
  1776 | D:3      | Noticed Terence
  1781 | D:3      | Killed Terence
  1996 | D:3      | Noticed Grinder
  1999 | D:3      | Noticed Natasha
  2006 | D:3      | Killed Natasha
  2007 | D:3      | Reached skill level 6 in Axes
  2017 | D:3      | Killed Grinder
  2018 | D:3      | Reached skill level 8 in Axes
  2018 | D:3      | Reached XP level 5. HP: 20/45 MP: 1/4
  2018 | D:3      | Reached XP level 6. HP: 23/51 MP: 1/5
  2190 | D:3      | You pick up a book of Spatial Translocations and begin
                  | reading...
  2190 | D:3      | You add the spells Blink, Lesser Beckoning and Manifold
                  | Assault to your library.
  2227 | D:3      | Found an ancient bone altar of Kikubaaqudgha.
  2339 | D:3      | Noticed Natasha
  2343 | D:3      | Killed Natasha
  2581 | D:4      | Noticed Menkaure
  2589 | D:4      | Killed Menkaure
  2590 | D:4      | Reached skill level 9 in Axes
  2590 | D:4      | Reached XP level 7. HP: 33/57 MP: 2/6
  2756 | D:4      | Found Izeluima's Jewellery Emporium.
  2783 | D:4      | Noticed Edmund
  2793 | D:4      | HP: 14/57 [Edmund/+5 flail of protection (7)]
  2798 | D:4      | Killed Edmund
  2799 | D:4      | Reached skill level 10 in Axes
  2799 | D:4      | Reached skill level 4 in Shields
  3091 | D:4      | Noticed Dowan
  3092 | D:4      | Noticed Duvessa
  3102 | D:4      | Killed Duvessa
  3103 | D:4      | Reached skill level 5 in Shields
  3115 | D:4      | Killed Dowan
  3116 | D:4      | Reached skill level 6 in Shields
  3403 | D:4      | Found Kicyisic's Distillery.
  3454 | D:4      | Reached XP level 8. HP: 64/64 MP: 2/7
  3496 | D:4      | Bought a potion of degeneration for 14 gold pieces
  3570 | D:5      | Entered Level 5 of the Dungeon
  3589 | D:5      | Reached skill level 7 in Shields
  3704 | D:5      | You pick up a book of Alchemy and begin reading...
  3704 | D:5      | You add the spells Sublimation of Blood, Petrify and
                  | Irradiate to your library.
  4089 | D:5      | Reached skill level 8 in Shields
  4147 | D:5      | Reached skill level 9 in Shields
  4156 | D:5      | Reached skill level 10 in Shields
  4156 | D:5      | Reached skill level 4 in Fighting
  4159 | D:5      | Reached skill level 5 in Fighting
  4423 | D:5      | Reached XP level 9. HP: 74/74 MP: 2/8
  4650 | D:5      | Identified the +1 cloak of Muttered Phrases {Drain rC+++
                  | Slay+6}
  4809 | D:6      | Reached skill level 6 in Fighting
  4920 | D:6      | Noticed a two-headed ogre
  4926 | D:6      | Killed a two-headed ogre
  4927 | D:6      | Reached skill level 8 in Fighting
  5168 | D:6      | Reached skill level 9 in Fighting
  5279 | D:6      | Found an opulent altar of Gozag.
  5291 | D:6      | Reached skill level 10 in Fighting
  5594 | D:7      | Found a staircase to the Ecumenical Temple.
  5704 | Temple   | Entered the Ecumenical Temple
  5950 | Temple   | Became a worshipper of Hepliaklqana the Forgotten
  6026 | D:7      | Reached skill level 11 in Axes
  6040 | D:7      | Reached XP level 10. HP: 93/93 MP: 3/9
  6063 | D:7      | Found a huge runed translucent gate.
  6063 | D:7      | Found a huge runed translucent gate.
  6063 | D:7      | Noticed a manticore
  6065 | D:7      | Found a huge runed translucent gate.
  6066 | D:7      | Found a huge runed translucent gate.
  6066 | D:7      | Noticed a manticore
  6066 | D:7      | Noticed a manticore
  6067 | D:7      | Noticed a manticore
  6477 | D:7      | Reached skill level 12 in Axes
  6942 | D:8      | Reached * piety under Hepliaklqana
  7041 | D:8      | Noticed an orange demon
  7042 | D:8      | Noticed Amaemon
  7132 | D:4      | Bought a ring of poison resistance for 200 gold pieces
  7327 | D:8      | Killed Amaemon
  7328 | D:8      | Reached skill level 13 in Axes
  7332 | D:8      | Killed an orange demon
  7696 | D:8      | Found a hide-covered altar of Uskayaw.
  7702 | D:8      | You add the spells Tukima's Dance, Passage of Golubria and
                  | Yara's Violent Unravelling to your library.
  8178 | D:9      | Reached skill level 14 in Axes
  8188 | D:9      | You pick up a book of Scorching and begin reading...
  8188 | D:9      | You add the spells Scorch, Flame Wave and Summon Cactus
                  | Giant to your library.
  8225 | D:9      | Reached skill level 4 in Armour
  8285 | D:9      | You pick up a book of the Hunter and begin reading...
  8285 | D:9      | You add the spells Call Canine Familiar, Portal Projectile
                  | and Leda's Liquefaction to your library.
  8305 | D:9      | Reached ** piety under Hepliaklqana
  8318 | D:9      | Remembered your ancestor Tochtli as a knight
  8398 | D:9      | Found Cutav's General Store.
  8407 | D:9      | Reached skill level 5 in Armour
  8533 | D:9      | Found a radiant altar of Vehumet.
  8650 | D:9      | Noticed a two-headed ogre
  8656 | D:9      | Killed a two-headed ogre
  8657 | D:9      | Reached skill level 7 in Armour
  8669 | D:9      | Reached skill level 8 in Armour
  8669 | D:9      | Reached XP level 11. HP: 86/89 MP: 3/10
  8718 | D:9      | Found a staircase to the Lair.
  8818 | D:9      | Noticed a two-headed ogre
  8823 | D:9      | Killed a two-headed ogre
  8911 | D:10     | Entered Level 10 of the Dungeon
  8966 | D:10     | Reached skill level 9 in Armour
  9231 | D:10     | You pick up a book of Blood and begin reading...
  9231 | D:10     | You add the spells Wereblood and Summon Hydra to your
                  | library.
  9264 | D:10     | Reached skill level 10 in Armour
  9275 | D:10     | Reached skill level 1 in Invocations
  9359 | D:10     | Noticed a two-headed ogre
  9360 | D:10     | Reached skill level 2 in Invocations
  9363 | D:10     | Reached skill level 3 in Invocations
  9368 | D:10     | Killed a two-headed ogre
  9369 | D:10     | Reached skill level 4 in Invocations
  9512 | D:10     | Reached skill level 5 in Invocations
  9694 | D:10     | Noticed an orange crystal statue
  9705 | D:10     | Killed an orange crystal statue
  9706 | D:10     | Reached skill level 6 in Invocations
  9708 | D:10     | You add the spells Summon Guardian Golem and Summon Ice
                  | Beast to your library.
  9708 | D:10     | Got Himahum's Incunabulum of Companions
  9714 | D:10     | Noticed Grum
  9726 | D:10     | Killed Grum
  9816 | D:10     | Identified the +5 quarterstaff of the Wasteland {distort,
                  | rF+ rC+}
 10049 | D:10     | Reached skill level 7 in Invocations
 10344 | D:11     | Noticed Fannar
 10368 | D:11     | Killed Fannar
 10369 | D:11     | Reached skill level 8 in Invocations
 10523 | D:11     | You pick up a book of Hexes and begin reading...
 10523 | D:11     | You add the spells Inner Flame, Cause Fear and Discord to
                  | your library.
 10566 | D:11     | Noticed a boulder beetle
 10576 | D:11     | Killed a boulder beetle
 10577 | D:11     | Reached XP level 12. HP: 86/95 MP: 5/17
 10588 | D:11     | Noticed Urug
 10596 | D:11     | Reached skill level 9 in Invocations
 10604 | D:11     | Killed Urug
 10768 | D:11     | Reached *** piety under Hepliaklqana
 10903 | D:11     | You pick up a book of Transfigurations {@e2} and begin
                  | reading...
 10903 | D:11     | You add the spells Blade Hands and Dragon Form to your
                  | library.
 10995 | D:11     | Reached skill level 10 in Invocations
 11449 | D:11     | Found a staircase to the Orcish Mines.
 11588 | Lair:1   | Entered Level 1 of the Lair of Beasts
 11594 | Lair:1   | Noticed a six-headed hydra
 11601 | Lair:1   | Reached skill level 11 in Shields
 11605 | Lair:1   | Killed a six-headed hydra
 11820 | Lair:1   | Reached skill level 12 in Shields
 12537 | Lair:1   | You pick up a book of the Spheres and begin reading...
 12537 | Lair:1   | You add the spells Iskenderun's Battlesphere, Fireball,
                  | Conjure Ball Lightning and Orb of Destruction to your
                  | library.
 12617 | Lair:1   | Reached **** piety under Hepliaklqana
 12758 | Lair:2   | Reached skill level 13 in Shields
 13104 | Lair:2   | Found a staircase to the Snake Pit.
 13423 | Lair:2   | Noticed a catoblepas
 13432 | Lair:2   | Killed a catoblepas
 13433 | Lair:2   | Reached skill level 14 in Shields
 13927 | Lair:2   | HP: 13/95 [oklob plant/splash of acid (22)]
 15326 | Lair:2   | Reached XP level 13. HP: 87/101 MP: 6/19
 15342 | Lair:2   | Got Serphammu's Grimoire of Blistering Bewitchment
 15358 | Lair:2   | Identified a scroll of acquirement
 15358 | Lair:2   | Acquired the amulet of Gadareb {Faith Int+3 Dex+3}
 15488 | Lair:3   | Reached skill level 15 in Shields
 16076 | Lair:3   | Reached skill level 11 in Fighting
 16214 | Lair:3   | Found a staircase to the Swamp.
 16597 | Lair:3   | Reached ***** piety under Hepliaklqana
 17089 | Lair:4   | Reached skill level 12 in Fighting
 17357 | Lair:4   | Reached skill level 13 in Fighting
 17518 | Lair:4   | Found a runed translucent gate.
 17518 | Lair:4   | Found a runed translucent gate.
 17518 | Lair:4   | Found a runed translucent gate.
 17640 | Lair:4   | Reached skill level 14 in Fighting
 17824 | Lair:4   | Noticed Gibbon's ghost (journeyman DEFE)
 18072 | Lair:4   | Reached skill level 15 in Fighting
 18072 | Lair:4   | Reached skill level 1 in Dodging
 18540 | Lair:5   | Reached skill level 2 in Dodging
 18643 | Lair:5   | Reached skill level 3 in Dodging
 18932 | Lair:5   | Reached skill level 4 in Dodging
 19121 | Lair:5   | Reached ****** piety under Hepliaklqana
 19201 | Lair:5   | Found a viscous altar of Jiyva.
 19202 | Lair:5   | Found a staircase to the Slime Pits.
 19772 | D:4      | Bought the ring "Ediusem" {Contam rElec rPois Str+6 SInv}
                  | for 753 gold pieces
 19968 | Orc:1    | Entered Level 1 of the Orcish Mines
 19976 | Orc:1    | Reached skill level 5 in Dodging
 19976 | Orc:1    | Reached XP level 14. HP: 117/121 MP: 6/20
 20047 | Orc:1    | Found Noloqix's Magic Scroll Shop.
 20056 | Orc:1    | Bought a scroll of identify for 26 gold pieces
 20228 | Orc:2    | Entered Level 2 of the Orcish Mines
 20263 | Orc:2    | Identified a +1 robe of the Archmagi
 20263 | Orc:2    | Noticed an orc warlord
 20266 | Orc:2    | Found Efakhloci's General Store.
 20290 | Orc:2    | HP: 28/117 [sixfirhy[an orc high priest] (4)]
 20641 | Orc:2    | Noticed an orc warlord
 20655 | Orc:2    | Killed an orc warlord
 20655 | Orc:2    | HP: 23/120 [cloud of flame (11)]
 20656 | Orc:2    | Reached skill level 6 in Dodging
 21043 | Orc:2    | Found Tyxkyil's Antique Weapon Emporium.
 21053 | Orc:2    | Reached skill level 7 in Dodging
 21096 | Orc:2    | HP: 24/121 [orc warlord/+1 vorpal war axe (7)]
 21102 | Orc:2    | Killed an orc warlord
 21157 | Orc:2    | Found Xuhioblu's Antique Armour Emporium.
 21207 | Orc:2    | Found Louceff's Book Shoppe.
 21503 | Orc:2    | Reached skill level 8 in Dodging
 21552 | Orc:2    | Found a staircase to the Elven Halls.
 21605 | Orc:2    | Reached skill level 9 in Dodging
 22444 | Orc:2    | magus.rc [v1.9.6]
 22970 | D:12     | Reached skill level 10 in Dodging
 23647 | D:12     | Noticed Erolcha
 23652 | D:12     | Killed Erolcha
 23653 | D:12     | Reached skill level 11 in Dodging
 23788 | D:12     | Noticed Psyche
 23801 | D:12     | Killed Psyche
 24323 | D:13     | You pick up a book of Dreams and begin reading...
 24323 | D:13     | You add the spells Ensorcelled Hibernation, Spider Form and
                  | Anguish to your library.
 24444 | D:13     | Reached skill level 12 in Dodging
 24505 | D:13     | Noticed Snorg
 24514 | D:13     | Killed Snorg
 24638 | D:13     | Found a gate to the Vaults.
 24649 | D:13     | Reached skill level 13 in Dodging
 24968 | D:13     | Noticed Josephine
 24974 | D:13     | Killed Josephine
 25008 | D:13     | Reached XP level 15. HP: 107/126 MP: 2/21
 25800 | D:14     | Reached skill level 14 in Dodging
 26366 | D:14     | You pick up a book of Unlife and begin reading...
 26366 | D:14     | You add the spells Animate Dead, Borgnjor's Vile Clutch and
                  | Death Channel to your library.
 26507 | D:14     | Reached skill level 15 in Dodging
 26750 | D:14     | Noticed an emperor scorpion
 26750 | D:14     | a catoblepas changed into an emperor scorpion
 26752 | D:14     | an emperor scorpion changed into a dire elephant
 27135 | D:14     | Reached skill level 11 in Armour
 27266 | D:15     | Entered Level 15 of the Dungeon
 27499 | D:15     | Acquired 774 gold pieces
 27577 | D:15     | Reached skill level 12 in Armour
 27959 | D:15     | You add the spells Alistair's Intoxication and Eringya's
                  | Noxious Bog to your library.
 28175 | D:15     | Found a staircase to the Depths.
 28175 | D:15     | Noticed a frost giant
 28185 | D:15     | Killed a frost giant
 28186 | D:15     | Reached skill level 13 in Armour
 28806 | Swamp:1  | Entered Level 1 of the Swamp
 28932 | Swamp:1  | Reached skill level 1 in Maces & Flails
 29040 | Swamp:1  | Reached skill level 2 in Maces & Flails
 29057 | Swamp:1  | Reached skill level 3 in Maces & Flails
 29057 | Swamp:1  | Reached skill level 14 in Armour
 29359 | Swamp:1  | Identified the +3 glaive "Duptug" {chaos, *Rage MP+9 Str+5
                  | SInv}
 29584 | Swamp:2  | Reached skill level 4 in Maces & Flails
 29742 | Swamp:2  | You pick up a book of Frost and begin reading...
 29742 | Swamp:2  | You add the spells Freeze, Frozen Ramparts and Hailstorm to
                  | your library.
 29768 | Swamp:2  | Reached XP level 16. HP: 100/134 MP: 22/22
 29775 | Swamp:2  | Reached skill level 5 in Maces & Flails
 29777 | Swamp:2  | Paralysed by a fenstrider witch for 5 turns
 30353 | Swamp:3  | Reached skill level 6 in Maces & Flails
 30553 | Swamp:3  | Noticed Nikola
 30573 | Swamp:3  | Killed Nikola
 30574 | Swamp:3  | Reached skill level 15 in Armour
 30580 | Swamp:3  | Reached skill level 7 in Maces & Flails
 30956 | Swamp:3  | Reached skill level 8 in Maces & Flails
 30961 | Swamp:3  | Reached skill level 1 in Evocations
 30961 | Swamp:3  | Noticed Mara
 31235 | Swamp:3  | Killed Mara
 31236 | Swamp:3  | Reached skill level 3 in Evocations
 31510 | Swamp:3  | Reached skill level 4 in Evocations
 31510 | Swamp:3  | Paralysed by a hornet for 1 turns
 31839 | Swamp:3  | Identified Roxanne's Handbook of the Rocks
 31839 | Swamp:3  | Noticed Roxanne
 32151 | Swamp:3  | Reached skill level 5 in Evocations
 32361 | Swamp:3  | Noticed a thorn hunter
 32367 | Swamp:3  | Killed a thorn hunter
 32774 | Swamp:3  | Killed Roxanne
 32776 | Swamp:3  | You add the spells Sandblast, Passwall, Iron Shot and
                  | Statue Form to your library.
 32921 | Swamp:4  | Entered Level 4 of the Swamp
 32932 | Swamp:4  | Reached skill level 6 in Evocations
 32940 | Swamp:4  | You pick up a book of Vapours and begin reading...
 32940 | Swamp:4  | You add the spells Poisonous Vapours and Corpse Rot to your
                  | library.
 33059 | Swamp:4  | Got the Disquisition on the Torrid Snowflakes
 33099 | Swamp:4  | Reached skill level 7 in Evocations
 33433 | Swamp:4  | Noticed a tentacled monstrosity
 33447 | Swamp:4  | Killed a tentacled monstrosity
 33565 | Swamp:4  | Reached skill level 8 in Evocations
 33615 | Swamp:4  | Noticed a thorn hunter
 33624 | Swamp:4  | Killed a thorn hunter
 33653 | Swamp:4  | Reached skill level 9 in Evocations
 33660 | Swamp:4  | Noticed a thorn hunter
 33665 | Swamp:4  | HP: 23/134 [eight-headed hydra (12)]
 33666 | Swamp:4  | HP: 11/201 [four-headed hydra (7)]
 33666 | Swamp:4  | HP: 3/201 [four-headed hydra (8)]
 33666 | Swamp:4  | Slain by an eight-headed hydra

Vanquished Creatures
  Mara (Swamp:3)
  Nikola (Swamp:3)
  A tentacled monstrosity (Swamp:4)
  Roxanne (Swamp:3)
  A thorn hunter (Swamp:4)
  A fenstrider witch (Swamp:1)
  A frost giant (D:15)
  2 orc warlords (Orc:2)
  A war gargoyle (D:14)
  2 eleionomae
  A dire elephant (shapeshifter) (D:14)
  2 bunyips
  Snorg (D:13)
  Josephine (D:13)
  2 shambling mangroves (Swamp:3)
  A fire dragon (D:14)
  A rakshasa (D:14)
  9 hydras
  2 spriggan air magi (Swamp:3)
  Fannar (D:11)
  2 centaur warriors
  2 ghost crabs
  2 vault guards (D:13)
  2 boulder beetles
  An ice dragon (Lair:4)
  2 catoblepae
  2 two-headed ogres
  A deep troll earth mage (D:14)
  5 death yaks (Lair:4)
  12 alligators
  3 orc high priests (Orc:2)
  Urug (D:11)
  A spriggan berserker (Swamp:3)
  2 tengu warriors (D:15)
  Amaemon (D:8)
  5 skeletal warriors (D:15)
  A deep troll (D:13)
  6 bog bodies
  2 swamp dragons (Swamp:4)
  3 wizards
  2 spriggan druids
  An orange crystal statue (D:10)
  A necromancer (D:13)
  3 deep elf pyromancers
  2 cyclopes
  2 oklob plants (Lair:2)
  An orc knight (Orc:2)
  11 ugly things
  3 orc sorcerers (Orc:2)
  3 manticores
  A wolf spider (Lair:5)
  2 will-o-the-wisps (Swamp:3)
  2 black mambas (Lair:1)
  3 gargoyles
  11 cane toads
  An orange demon (D:8)
  A kobold demonologist (D:13)
  5 komodo dragons
  A komodo dragon (shapeshifter) (D:14)
  A rime drake (Lair:4)
  Psyche (D:12)
  A freezing wraith (D:14)
  A yaktaur (D:13)
  7 trolls
  A meliai (D:14)
  10 hornets
  5 tyrant leeches
  Grinder (D:3)
  8 blink frogs (Lair:3)
  5 slime creatures
  A shadow (D:12)
  58 yaks
  2 wyverns
  6 spriggans
  19 humans (D:13)
  2 vampires
  3 basilisks
  4 wraiths
  2 steam dragons
  Grum (D:10)
  Edmund (D:4)
  8 redbacks (D:12)
  13 vampire mosquitoes
  3 wargs (Orc:2)
  Menkaure (D:4)
  9 swamp worms
  An acid dragon (D:14)
  2 hydra simulacra (Lair:4)
  Duvessa (D:4)
  13 water moccasins
  22 orc warriors
  A black mamba simulacrum (Lair:4)
  5 black bears
  A swamp drake (Swamp:1)
  34 wolves
  5 ogres
  8 centaurs
  A phantom (D:4)
  5 kobold brigands
  11 bullfrogs
  2 gnoll sergeants
  A necrophage (D:7)
  7 wights
  Dowan (D:4)
  An elephant simulacrum (Lair:4)
  3 killer bees (D:9)
  3 howler monkeys (D:7)
  2 electric eels (Lair:3)
  A rime drake simulacrum (Lair:4)
  5 hounds
  A gnoll shaman (D:7)
  15 orc priests
  An iguana (D:5)
  Natasha (twice) (D:3)
  14 orc wizards
  Terence (D:3)
  A boggart simulacrum (D:14)
  8 adders
  12 gnolls
  2 white imps (D:5)
  An ufetubus (D:5)
  3 worms
  4 dart slugs
  63 orcs
  8 bats
  6 endoplasms
  5 giant cockroaches
  5 goblins
  7 hobgoblins
  4 jackals (D:1)
  9 ball pythons
  3 frilled lizards
  24 kobolds
  9 rats
663 creatures vanquished.

Vanquished Creatures (collateral kills)
  A thorn hunter (Swamp:3)
  3 eleionomae
  A bunyip (Swamp:4)
  5 hydras
  A shambling mangrove (Swamp:2)
  A rakshasa (D:14)
  Erolcha (D:12)
  A boulder beetle (D:15)
  6 alligators
  3 two-headed ogres
  A death yak (Lair:4)
  2 orc high priests (Orc:2)
  3 spriggans
  A deep elf knight (D:14)
  A goliath frog (Swamp:1)
  A bog body (Swamp:4)
  2 spriggan druids (Swamp:4)
  6 ugly things
  A will-o-the-wisp (Swamp:1)
  A cyclops (D:15)
  3 slime creatures
  2 oklob plants (Lair:2)
  A manticore (D:13)
  A freezing wraith (D:15)
  2 rime drakes (Lair:4)
  A komodo dragon (Lair:5)
  An efreet (D:13)
  A troll (Orc:2)
  2 tyrant leeches
  2 meliai (D:14)
  3 hornets (Swamp:3)
  7 yaks
  2 wraiths (D:13)
  A basilisk (Lair:5)
  3 vampire mosquitoes
  A warg (Orc:2)
  An acid dragon (D:13)
  7 swamp worms
  3 water moccasins
  6 orc warriors
  4 swamp drakes
  5 wolves
  A black mamba simulacrum (Lair:4)
  An ogre (Orc:2)
  3 bullfrogs
  A wight (D:10)
  2 orc priests
  An orc wizard (Orc:2)
  7 orcs
117 creatures vanquished.

Vanquished Creatures (others)
  2 bloated husks
  A swamp drake (Swamp:4)
  15 knights
  An ancestor (D:8)
  4 briar patches (Swamp:3)
  11 foxfires
  33 fungi
  17 plants
84 creatures vanquished.

Grand Total: 864 creatures vanquished

Table legend:
 A = Non-vault XP
 B = Vault XP
 C = Vault XP percentage of total XP
 D = Non-vault monster count
 E = Vault monster count
 F = Vault count percentage of total count
                 A         B        C        D         E       F
            +---------+---------+-------+---------+---------+-------
      Total |  135827 |   76467 |  36.0 |     569 |     212 |  27.1
            +---------+---------+-------+---------+---------+-------
        D:1 |      45 |       2 |   4.3 |      20 |       2 |   9.1
        D:2 |      37 |       0 |   0.0 |      11 |       0 |   0.0
        D:3 |      70 |     376 |  84.3 |      18 |      15 |  45.5
        D:4 |     333 |     567 |  63.0 |      21 |       4 |  16.0
        D:5 |    1385 |       0 |   0.0 |      20 |       0 |   0.0
        D:6 |    2129 |       0 |   0.0 |      23 |       0 |   0.0
        D:7 |    1170 |       0 |   0.0 |      31 |       0 |   0.0
        D:8 |     796 |    1163 |  59.4 |      13 |       2 |  13.3
        D:9 |    3895 |       0 |   0.0 |      22 |       0 |   0.0
       D:10 |    5415 |    1628 |  23.1 |      33 |       8 |  19.5
       D:11 |    4509 |    2554 |  36.2 |      26 |      22 |  45.8
       D:12 |    6313 |    1223 |  16.2 |      29 |       2 |   6.5
       D:13 |    5741 |   10953 |  65.6 |      15 |      31 |  67.4
       D:14 |   10702 |    7387 |  40.8 |      22 |      12 |  35.3
       D:15 |   12113 |    2885 |  19.2 |      20 |       3 |  13.0
     Lair:1 |    4717 |     983 |  17.2 |      22 |       7 |  24.1
     Lair:2 |    3728 |    3666 |  49.6 |      17 |       9 |  34.6
     Lair:3 |    2447 |    3101 |  55.9 |      12 |      12 |  50.0
     Lair:4 |    5372 |    9136 |  63.0 |      19 |      25 |  56.8
     Lair:5 |    2759 |    2343 |  45.9 |      16 |      14 |  46.7
    Swamp:1 |   12156 |       0 |   0.0 |      24 |       0 |   0.0
    Swamp:2 |    9750 |       0 |   0.0 |      17 |       0 |   0.0
    Swamp:3 |   19336 |    8317 |  30.1 |      40 |       3 |   7.0
    Swamp:4 |   15527 |    9915 |  39.0 |      23 |      14 |  37.8
      Orc:1 |    1153 |       0 |   0.0 |       8 |       0 |   0.0
      Orc:2 |    4229 |   10268 |  70.8 |      47 |      27 |  36.5
            +---------+---------+-------+---------+---------+-------

Illustrated notes

Table legend:
 A = Kills in this place as a percentage of kills in entire the game.
 B = Kills by you in this place as a percentage of kills by you in the entire game.
 C = Kills by friends in this place as a percentage of kills by friends in the entire game.
 D = Other kills in this place as a percentage of other kills in the entire game.
 E = Experience gained in this place as a percentage of experience gained in the entire game.
 F = Experience gained in this place divided by the number of levels of this place that you have seen.
                   A       B       C       D       E      F
               +-------+-------+-------+-------+-------+----------------------
         Total | 100.0 | 100.0 | 100.0 | 100.0 | 100.0 | 7862.7
       Dungeon |  54.4 |  58.2 |  33.3 |   0.0 |  39.3 | 5559.4
          Lair |  19.6 |  19.2 |  22.2 |   0.0 |  18.0 | 7650.4
         Swamp |  15.5 |  12.2 |  33.3 | 100.0 |  35.3 | 18750.2
  Orcish Mines |  10.5 |  10.4 |  11.1 |   0.0 |   7.4 | 7825.0
               +-------+-------+-------+-------+-------+----------------------

Table legend: (Time is in decaauts)
 A = Elapsed time spent in this place.
 B = Non-inter-level travel time spent in this place.
 C = Inter-level travel time spent in this place.
 D = Time resting spent in this place.
 E = Time spent auto-exploring this place.
 F = Levels seen in this place.
 G = Mean time per level.
                   A        B        C        D        E       F      G
               +--------+--------+--------+--------+--------+-----+--------+
         Total |  33627 |  31390 |   2237 |   7645 |  17988 |  27 | 1245.4 |
       Dungeon |  17569 |  16141 |   1428 |   2060 |  11253 |  15 | 1171.3 |
        Temple |    298 |    243 |     55 |      0 |    232 |   1 |  298.0 |
          Lair |   8110 |   7696 |    414 |   1912 |   4854 |   5 | 1622.0 |
         Swamp |   4970 |   4796 |    174 |   2609 |    843 |   4 | 1242.5 |
  Orcish Mines |   2678 |   2514 |    164 |   1063 |    806 |   2 | 1339.0 |
               +--------+--------+--------+--------+--------+-----+--------+

Top non-repeatable levels by time:
  Lair:2: 2607 daAuts
 Swamp:3: 2279 daAuts
    D:14: 1944 daAuts
    D:13: 1729 daAuts
  Lair:4: 1523 daAuts
  Lair:3: 1506 daAuts
    D:10: 1491 daAuts
   Orc:1: 1388 daAuts
  Lair:1: 1341 daAuts
   Orc:2: 1290 daAuts
     D:5: 1258 daAuts
    D:11: 1240 daAuts
     D:8: 1175 daAuts
    D:12: 1164 daAuts
  Lair:5: 1131 daAuts
